 Dungeon Crawl Stone Soup version 0.28-a0-429-g1448048969 (webtiles) character file.

Game seed: 167710836529075780

638 Demosthentine the Poker (level 7, -4/55 HPs)
             Began as a Merfolk Gladiator on Sept 11, 2021.
             Slain by a sky beast (5 damage)
             ... on level 5 of the Dungeon.
             The game lasted 00:04:04 (5804 turns).

Demosthentine the Poker (Merfolk Gladiator)         Turns: 5804, Time: 00:04:05

Health: -4/55      AC:  5    Str: 16    XL:     7   Next: 50%
Magic:  7/7        EV: 14    Int:  8    God:
Gold:   96         SH:  0    Dex: 15    Spells: 6/6 levels left

rFire   . . .      SeeInvis .   a - +0 trident
rCold   + . .      Faith    .   (no shield)
rNeg    . . .      Spirit   .   b - +0 leather armour
rPois   .          Reflect  .   c - +0 helmet
rElec   .          Harm     .   (no cloak)
rCorr   .          Rampage  .   (no gloves)
Will    .....                   f - +0 pair of boots
Stlth   +.........              (no amulet)
HPRegen 0.18/turn               g - ring of protection from cold
MPRegen 0.10/turn               (no ring)

@: no status effects
A: (nimble swimmer 2), mertail
a: no special abilities


You were on level 5 of the Dungeon.
You visited 1 branch of the dungeon, and saw 5 of its levels.

You collected 96 gold pieces.

Inventory:

Hand Weapons
 a - a +0 trident (weapon)
Missiles
 d - a throwing net (quivered)
Armour
 b - a +0 leather armour (worn)
 c - a +0 helmet (worn)
 f - a +0 pair of boots (worn)
Jewellery
 g - a ring of protection from cold (left hand)
 j - a +6 ring of intelligence
 m - a ring of resist corrosion
 o - a ring of protection from cold
 r - a ring of see invisible
Wands
 n - a wand of polymorph (3)
 q - a wand of acid (4)
Potions
 e - a potion of might
 i - a potion of brilliance
 l - a potion of haste
 p - a potion of flight {unknown}


   Skills:
 + Level 4.8 Fighting
 + Level 7.1 Polearms
 - Level 2.0 Throwing
 + Level 2.7 Armour
 + Level 6.5 Dodging


You had 6 spell levels left.
You didn't know any spells.
Your spell library contained the following spells:

 Spells                   Type           Power      Damage    Failure   Level
 Static Discharge         Conj/Air       0%         N/A       61%         2
 Lightning Bolt           Conj/Air       0%         1d11      100%        5
 Maxwell's Capacitive Co  Air            0%         ∞         100%        8


Dungeon Overview and Level Annotations

Branches:
Dungeon (5/15)
 Temple: D:4-7

Altars:
Dithmenos
Nemelex Xobeh
Okawaru
Trog
Vehumet


Innate Abilities, Weirdness & Mutations

((You are quick and stealthy near water. (Stealth+, EV+, Speed+++)))
Your lower body shifts to a powerful aquatic tail in water.


Message History

The phantom is almost destroyed.
The phantom hits you.
The phantom blinks!
You blink.
A sky beast comes into view.
Found a hunting sling and a leather armour.
You hit the phantom.
You destroy the phantom!
Found 5 boomerangs.
You reach to attack!
You hit the sky beast but do no damage. You miss the sky beast.
The sky beast hits you. The sky beast shocks you.
You closely miss the sky beast.
The sky beast hits you but does no damage.
You barely miss the sky beast. The sky beast hits you.
The sky beast shocks you.
You are too injured to fight recklessly!
You are too injured to fight recklessly!
You are too injured to fight recklessly!
You are too injured to fight recklessly!
You are too injured to fight recklessly!
You are too injured to fight recklessly!
You are too injured to fight recklessly!
You are too injured to fight recklessly!
You are too injured to fight recklessly!
You barely miss the sky beast. The sky beast misses you.
You closely miss the sky beast. The sky beast hits you.
The sky beast shocks you.
You closely miss the sky beast.
The sky beast flickers out of sight!
Deactivating autopickup; reactivate with Ctrl-A.
Something hits you but does no damage.
You closely miss something. Something hits you.
* * * LOW HITPOINT WARNING * * *
Something shocks you.
* * * LOW HITPOINT WARNING * * *
You hit something. Something hits you.
* * * LOW HITPOINT WARNING * * *
Something shocks you.
* * * LOW HITPOINT WARNING * * *
You closely miss something. Something hits you.
* * * LOW HITPOINT WARNING * * *
Something shocks you.
You die...

# #.## ##.##... #
#(..#...####. .
#.#.....#... ..
#.#.#...#.##[..
######.#.#..........
#...<....#.......##
#...<....#..@{.)..+
#...........(..#.##
##...#.#.....#.#
+........#....#.#
#####.#......## .
#.#....#.. ..
..#....##.. ..
......... .. ..(
...!...#.##...


There were no monsters in sight!

Vanquished Creatures
  A sky beast (D:4)
  A centaur (D:4)
  A phantom (D:5)
  2 scorpions
  An iguana (D:4)
  Natasha (thrice) (D:2)
  11 gnolls
  2 adders
  A worm (D:3)
  A dart slug (D:1)
  A bat (D:1)
  2 endoplasms
  3 giant cockroaches
  5 goblins
  11 hobgoblins
  3 jackals (D:3)
  7 kobolds
  2 quokkas
  5 ball pythons
  4 frilled lizards
  4 rats
71 creatures vanquished.

Vanquished Creatures (others)
  An endoplasm (D:4)
1 creature vanquished.

Grand Total: 72 creatures vanquished

Notes
Turn   | Place    | Note
-------+----------+-------------------------------------------
     0 | D:1      | Demosthentine the Merfolk Gladiator began the quest for the
                  | Orb.
     0 | D:1      | Reached XP level 1. HP: 16/16 MP: 1/1
   100 | D:1      | Found a faded altar of an unknown god.
   264 | D:1      | Reached XP level 2. HP: 23/23 MP: 2/2
  1030 | D:2      | Reached XP level 3. HP: 20/28 MP: 3/3
  1124 | D:2      | Found an iron altar of Okawaru.
  1141 | D:2      | Noticed Natasha
  1149 | D:2      | Killed Natasha
  1150 | D:2      | Reached skill level 5 in Polearms
  1150 | D:2      | Reached skill level 1 in Armour
  1249 | D:2      | Reached XP level 4. HP: 27/34 MP: 4/4
  1279 | D:2      | Noticed Natasha
  1324 | D:2      | Killed Natasha
  1419 | D:2      | Noticed Natasha
  1425 | D:2      | Killed Natasha
  1426 | D:2      | Reached skill level 5 in Dodging
  1624 | D:2      | Reached XP level 5. HP: 41/41 MP: 5/5
  3033 | D:3      | Reached skill level 6 in Polearms
  3255 | D:2      | Reached XP level 6. HP: 20/48 MP: 6/6
  3664 | D:3      | Found a bloodstained altar of Trog.
  4459 | D:4      | Found a sparkling altar of Nemelex Xobeh.
  4637 | D:4      | HP: 1/48 [centaur (3)]
  5062 | D:4      | Found a radiant altar of Vehumet.
  5159 | D:4      | Noticed a sky beast
  5200 | D:4      | Killed a sky beast
  5201 | D:4      | Reached XP level 7. HP: 14/55 MP: 7/7
  5543 | D:4      | Found a shadowy altar of Dithmenos.
  5776 | D:5      | Entered Level 5 of the Dungeon
  5783 | D:5      | Reached skill level 7 in Polearms
  5803 | D:5      | HP: 2/55 [something (6)]
  5804 | D:5      | Slain by a sky beast

Illustrated notes

Levels and vault maps discovered:
D:1:      matt_arrival_los_fun, layout_basic, dreamdust_ecumenical_altar_statues
D:2:      layout_loops_ring, basic_altar, uniq_natasha
D:3:      layout_basic, lemuel_round_altar, kennysheep_small_spiral,
          hangedman_decor_clover_reticule
D:4:      layout_loops_corners, lemuel_round_altar,
          mainiacjoe_overflow_six_doors_small, fiery_altar_vehumet
D:5:      layout_basic, minmay_temple_entry_purple_smoke

Skill      XL: |  1  2  3  4  5  6  7 |
---------------+----------------------+-----
Polearms       | 5 6 7 |  7.1
Armour         | 1 2 |  2.7
Fighting       | 3 4 |  4.8
Dodging        | 5 6 |  6.5
Throwing       | |  2.0

Action                   |  1- 3 |  4- 6 |  7- 9 || total
-------------------------+-------+-------+-------++-------
Melee: Trident           |    88 |   187 |    27 ||   302
Throw: Throwing net      |       |     2 |       ||     2
  Use: Scroll            |     1 |     3 |     3 ||     7
       Potion            |       |     3 |       ||     3
 Stab: Sleeping          |     4 |     1 |       ||     5
       Held in net/web   |       |     1 |       ||     1
Armor: Leather armour    |    24 |    22 |     5 ||    51
Dodge: Dodged            |    57 |   103 |     3 ||   163

Table legend: (Time is in decaauts)
 A = Elapsed time spent in this place.
 B = Non-inter-level travel time spent in this place.
 C = Inter-level travel time spent in this place.
 D = Time resting spent in this place.
 E = Time spent auto-exploring this place.
 F = Levels seen in this place.
 G = Mean time per level.
                   A        B        C        D        E       F      G
               +--------+--------+--------+--------+--------+-----+--------+
         Total |   5811 |   5717 |     94 |    359 |   4558 |   5 | 1162.2 |
       Dungeon |   5811 |   5717 |     94 |    359 |   4558 |   5 | 1162.2 |
               +--------+--------+--------+--------+--------+-----+--------+

Top non-repeatable levels by time:
     D:2: 1822 daAuts
     D:4: 1388 daAuts
     D:3: 1364 daAuts
     D:1: 1209 daAuts
     D:5: 26 daAuts
